 Dungeon Crawl Stone Soup version 0.30-a0-719-gcc4359ea44 (webtiles) character file.

Game seed: 3430504932245228136

784 Mitcholas the Skirmisher (level 7, -10/55 HPs)
             Began as a Red Draconian Hunter on Jan 26, 2023.
             Killed by divine providence
             ... invoked by an orc priest
              (13 damage)
             ... on level 6 of the Dungeon.
             The game lasted 00:07:30 (4524 turns).

Mitcholas the Skirmisher (Red Draconian Hunter)     Turns: 4524, Time: 00:07:31

Health: -10/55     AC:  6    Str: 13    XL:     7   Next: 55%
Magic:  7/7        EV: 12    Int: 10    God:
Gold:   237        SH:  0    Dex: 16    Spells: 6/6 levels left

rFire   + . .      SeeInvis .    a - +0 shortbow
rCold   . . .      Faith    .    (shield currently unavailable)
rNeg    . . .      Spirit   .    (body armour unavailable)
rPois   .          Reflect  .    (helmet restricted)
rElec   .          Harm     .    (no cloak)
rCorr   .          Rampage  .    (no gloves)
Will    .....                    (no boots)
Stlth   ++                       (no amulet)
HPRegen 0.29/turn                (no ring)
MPRegen 0.10/turn                (no ring)

@: no status effects
A: breathe fire, AC +6, unfitting armour, fire resistance 1, cold-blooded
a: Breathe Fire


You were on level 6 of the Dungeon.
You visited 1 branch of the dungeon, and saw 6 of its levels.

You collected 237 gold pieces.

Inventory:

Hand Weapons
 a - a +0 shortbow (weapon)
Jewellery
 r - a +6 ring of strength
Scrolls
 b - 3 scrolls of immolation
 d - 5 scrolls of identify {unknown}
 e - 2 scrolls of brand weapon {unknown}
 h - a scroll of poison {unknown}
 i - a scroll of amnesia {unknown}
 j - a scroll of silence {unknown}
 k - 3 scrolls of enchant armour {unknown}
 l - a scroll of noise {unknown}
 n - a scroll of fog {unknown}
 o - 2 scrolls of magic mapping {unknown}
Potions
 c - 2 potions of lignification {unknown}
 f - 4 potions of flight {unknown}
 g - a potion of curing {unknown}
 m - a potion of haste {unknown}
 p - a potion of heal wounds {unknown}
 q - 4 potions of might {unknown}


   Skills:
 - Level 2.1 Fighting
 * Level 8.6 Ranged Weapons
 - Level 1.7 Dodging
 - Level 0.8 Stealth


You had 6 spell levels left.
You didn't know any spells.
Your spell library contained the following spells:

 Spells                   Type           Power      Damage    Failure   Level
 Magic Dart               Conj           0%         1d3       36%         1
 Sandblast                Erth           0%         2d4       36%         1
 Call Imp                 Summ           0%         N/A       50%         2
 Cigotuvi's Dreadful Rot  Necr/Pois/Air  0%         N/A       50%         2
 Passwall                 Tmut/Erth      0%         N/A       50%         2
 Poisonous Vapours        Pois/Air       0%         N/A       50%         2
 Kindle Blastsparks       Fire/Tloc/Air  0%         2d10      75%         3
 Mephitic Cloud           Conj/Pois/Air  0%         N/A       75%         3
 Stone Arrow              Conj/Erth      0%         3d7       75%         3
 Fulminant Prism          Conj/Hex       0%         3d5       98%         4
 Iskenderun's Mystic Bla  Conj/Tloc      0%         2d3       98%         4
 Lee's Rapid Deconstruct  Erth           0%         3d4*      100%        5


Dungeon Overview and Level Annotations

Branches:
Dungeon (6/15)
 Temple: D:4-7

Altars:
Dithmenos
Fedhas
Kikubaaqudgha
Qazlal
Sif Muna
Trog
The Shining One

Shops:
D:3 [

Annotations:
D:3 1 runed translucent door, Crazy Yiuf
D:4 Blork the orc, Sigmund


Innate Abilities, Weirdness & Mutations

You can breathe blasts of fire.
Your fiery red scales are hard. (AC +6)
You cannot fit into any form of body armour.
Your flesh is heat resistant. (rF+)
You are cold-blooded and may be slowed by cold attacks.


Message History

Fire: a) +0 shortbow
Press: ? - help, Q - select action, (/) - cycle Shift-Dir - straight line, f/p - orc priest
Aim: an orc priest, wielding a +0 club (almost dead, 65% to hit)
You shoot an arrow. The arrow hits the orc priest!
You kill the orc priest!
The orc priest calls upon Beogh to heal the orc priest.
The orc priest is healed somewhat.
Fire: a) +0 shortbow
Press: ? - help, Q - select action, (/) - cycle Shift-Dir - straight line, f - orc priest
Aim: an orc priest, wielding a +0 club (heavily wounded, 65% to hit)
You shoot an arrow. The arrow barely misses the orc priest.
The arrow hits the orc!
You kill the orc!
The orc priest hits you but does no damage.
Fire: a) +0 shortbow
Press: ? - help, Q - select action, (/) - cycle Shift-Dir - straight line, f/p - orc priest
Aim: an orc priest, wielding a +0 club (heavily wounded, 65% to hit)
You shoot an arrow.
The arrow barely misses the orc priest. x2
The orc priest misses you.
Fire: a) +0 shortbow
Press: ? - help, Q - select action, (/) - cycle Shift-Dir - straight line, f/p - orc priest
Aim: an orc priest, wielding a +0 club (heavily wounded, 65% to hit)
You shoot an arrow.
The arrow hits the orc priest but does no damage.
The orc priest is heavily wounded.
The orc priest calls down the wrath of Beogh upon you.
Beogh smites you!
* * * LOW HITPOINT WARNING * * *
Fire: a) +0 shortbow
Press: ? - help, Q - select action, (/) - cycle Shift-Dir - straight line, f/p - orc priest
Aim: an orc priest, wielding a +0 club (heavily wounded, 65% to hit)
You shoot an arrow. The arrow hits the orc priest!
You kill the orc priest!
Fire: a) +0 shortbow
Press: ? - help, Q - select action, (/) - cycle Shift-Dir - straight line, f - orc priest
Aim: an orc priest, wielding a +0 dagger (65% to hit)
You shoot an arrow. The arrow barely misses the orc priest.
The orc priest calls down the wrath of Beogh upon you.
Beogh smites you!
You die...

##..# # §§§ # ##.#
.##§#.#§#
#.##.§§§§§§§
#..##§#§#§#§#
##<##..#§§§#
#..#...#.#.>
##.........#
..##.######.#§....#
#....)o@......##...
.#######..##### .
#..# #..# #..# #..#
####


You could see an orc priest.

Vanquished Creatures
  An ogre (D:5)
  2 necrophages (D:5)
  2 scorpions (D:5)
  2 hounds
  2 orc priests (D:6)
  4 iguanas
  Natasha (thrice) (D:3)
  7 adders
  A worm (D:3)
  3 dart slugs
  9 orcs
  7 endoplasms
  6 giant cockroaches
  7 hobgoblins
  11 jackals
  9 kobolds
  7 quokkas
  5 ball pythons
  3 bats
  A frilled lizard (D:1)
  3 goblins
  6 rats
101 creatures vanquished.

Vanquished Creatures (others)
  A fungus (D:3)
1 creature vanquished.

Grand Total: 102 creatures vanquished

Notes
Turn   | Place    | Note
-------+----------+-------------------------------------------
     0 | D:1      | Mitcholas the Draconian Hunter began the quest for the Orb.
     0 | D:1      | Reached XP level 1. HP: 17/17 MP: 1/1
    28 | D:1      | Reached skill level 4 in Ranged Weapons
    98 | D:1      | Reached XP level 2. HP: 24/24 MP: 2/2
   361 | D:1      | Reached XP level 3. HP: 28/29 MP: 3/3
   616 | D:1      | You fall into a shaft and drop 1 floor!
  1293 | D:2      | Reached skill level 5 in Ranged Weapons
  1629 | D:3      | Reached XP level 4. HP: 35/36 MP: 4/4
  1859 | D:3      | Noticed Natasha
  1863 | D:3      | Killed Natasha
  2148 | D:3      | Found a runed translucent door.
  2149 | D:3      | Noticed Crazy Yiuf
  2187 | D:3      | Noticed Natasha
  2193 | D:3      | Killed Natasha
  2194 | D:3      | Reached XP level 5. HP: 41/41 MP: 5/5
  2371 | D:3      | Found Lubutus's Armour Emporium.
  2667 | D:3      | Found Lubutus's Armour Emporium.
  2744 | D:3      | Noticed Natasha
  2750 | D:3      | Killed Natasha
  2751 | D:3      | Reached skill level 6 in Ranged Weapons
  2865 | D:4      | Noticed Blork the orc
  2961 | D:4      | Noticed an ogre
  3250 | D:4      | Found a blossoming altar of Fedhas.
  3380 | D:4      | Noticed Sigmund
  3520 | D:5      | Entered Level 5 of the Dungeon
  3624 | D:5      | Reached XP level 6. HP: 29/48 MP: 6/6
  3777 | D:5      | Reached skill level 7 in Ranged Weapons
  3942 | D:5      | Found a bloodstained altar of Trog.
  3942 | D:5      | Found an ancient bone altar of Kikubaaqudgha.
  3960 | D:5      | Your scales start taking on a fiery red colour.
  3960 | D:5      | Reached XP level 7. HP: 54/55 MP: 7/7
  3960 | D:5      | Gained mutation: Your flesh is heat resistant. (rF+) [Red
                  | Draconian growth]
  4036 | D:5      | Reached skill level 8 in Ranged Weapons
  4130 | D:5      | Found a glowing golden altar of the Shining One.
  4315 | D:6      | Found a stormy altar of Qazlal.
  4408 | D:6      | Found a shimmering blue altar of Sif Muna.
  4484 | D:6      | Found a shadowy altar of Dithmenos.
  4522 | D:6      | HP: 2/55 [orc priest/divine providence (13)]
  4524 | D:6      | Killed from afar by an orc priest

Illustrated notes

Levels and vault maps discovered:
D:1:      tarquinn_simple_flora_water_f, layout_basic,
          hangedman_abyss_or_decor_stabs, minmay_surrounded
D:2:      layout_basic, hex_intersection
D:3:      layout_basic, serial_shops, nicolae_shop_window_shopping,
          uniq_natasha, uniq_crazy_yiuf_cottage
D:4:      layout_loops_ring, mainiacjoe_overflow_catwalk,
          minmay_fractal_squares_diagonal_5, uniq_blork_the_orc, uniq_sigmund
D:5:      layout_rooms, nicolae_overflow_hidden_temple,
          gammafunk_temple_overflow_wave, amcnicky_mini_rare_corridor_liquid
D:6:      layout_rooms, mainiacjoe_overflow_paths,
          mainiacjoe_overflow_concentric_impassable,
          grunt_dithmenos_smoke_and_mirrors, mainiacjoe_overflow_24_doors,
          elyvilon_altar_1, kennysheep_okawaru_gauntlet,
          chequers_ossuary_entry_cave

Skill      XL: |  1  2  3  4  5  6  7 |
---------------+----------------------+-----
Ranged Weapons | 4 5 6 7 8 |  8.6
Fighting       | |  2.1
Dodging        | |  1.7
Stealth        | |  0.8

Action                     |  1- 3 |  4- 6 |  7- 9 || total
---------------------------+-------+-------+-------++-------
   Fire: Shortbow          |   169 |   150 |    82 ||   401
 Armour: Skin              |    37 |    31 |     6 ||    74
  Dodge: Dodged            |    81 |    58 |    24 ||   163

Table legend: (Time is in decaauts)
 A = Elapsed time spent in this place.
 B = Non-inter-level travel time spent in this place.
 C = Inter-level travel time spent in this place.
 D = Time resting spent in this place.
 E = Time spent auto-exploring this place.
 F = Levels seen in this place.
 G = Mean time per level.
                   A        B        C        D        E       F      G
               +--------+--------+--------+--------+--------+-----+--------+
         Total |   4617 |   4257 |    360 |    251 |   3174 |   6 |  769.5 |
       Dungeon |   4617 |   4257 |    360 |    251 |   3174 |   6 |  769.5 |
               +--------+--------+--------+--------+--------+-----+--------+

Top non-repeatable levels by time:
     D:3: 1408 daAuts
     D:1: 806 daAuts
     D:5: 796 daAuts
     D:2: 767 daAuts
     D:4: 613 daAuts
     D:6: 223 daAuts
